 Dungeon Crawl Stone Soup version 0.20-b1 (webtiles) character file.

6740 Gorglomux the Fighter (level 11, -7/115 HPs)
             Began as an Ogre Ice Elementalist on May 19, 2017.
             Was a High Priest of Okawaru.
             Killed from afar by an electric eel (13 damage)
             ... with a bolt of electricity
             ... on level 10 of the Dungeon.
             The game lasted 00:27:34 (13591 turns).

Gorglomux the Fighter (Ogre Ice Elementalist)      Turns: 13591, Time: 00:27:35

Health: -7/115     AC:  9    Str: 15    XL:     11   Next: 4%
Magic:  0/28       EV:  9    Int: 17    God:    Okawaru [*****.]
Gold:   521        SH:  0    Dex: 10    Spells: 12/26 levels left

rFire    + . .     SeeInvis .   M - +0 giant spiked club
rCold    + . .     Gourm    .   (shield currently unavailable)
rNeg     . . .     Faith    .   g - +4 moon troll leather armour {Spirit, Regen++ MP+5, regen}
rPois    .         Spirit   +   (helmet restricted)
rElec    .         Reflect  .   v - scarf {rC+ rF+}
rCorr    +         Harm     .   (gloves unavailable)
MR       +....                  (boots unavailable)
Stlth    +.........             (no amulet)
Regen    1.1/turn               f - ring of resist corrosion
MPRegen  0.3/turn               (no ring)

@: no status effects
A: unfitting armour, tough skin 1
a: Heroism, Finesse, Renounce Religion


You were on level 10 of the Dungeon.
You worshipped Okawaru.
Okawaru was extremely pleased with you.
You were not hungry.

You visited 2 branches of the dungeon, and saw 11 of its levels.
You also visited: Sewer.

You collected 521 gold pieces.

Inventory:

Hand Weapons
 e - a +0 club
   (You took it off a hobgoblin on level 1 of the Dungeon)
 p - a +0 flail
   (You took it off an orc on level 3 of the Dungeon)
 A - a +0 glaive of venom
   (You found it on level 6 of the Dungeon)
 M - a +0 giant spiked club (weapon)
   (You took it off an ogre on level 8 of the Dungeon)
Missiles
 P - 3 large rocks {!d =f}
 V - 4 curare-tipped needles
Armour
 a - a +1 robe
 g - the +4 moon troll leather armour (worn) {Spirit, Regen++ MP+5, regen}
   (You took it off an orc on level 8 of the Dungeon)

   It affects your magic capacity (+5).
   It increases your rate of regeneration.
 v - a scarf of resistance (worn)
   (You found it on level 3 of the Dungeon)
Magical Staves
 y - an uncursed staff of poison {rPois}
   (You found it on level 5 of the Dungeon)
 T - a cursed staff of poison {rPois}
   (You took it off a big kobold on level 9 of the Dungeon)
Jewellery
 f - a ring of resist corrosion (left hand)
   (You found it on level 1 of the Dungeon)
 O - the ring of Epobil {-Tele +Fly MP+9 Dex+2}
   (You took it off an orc on level 8 of the Dungeon)

   [ring of flight]

   It affects your dexterity (+2).
   It affects your magic capacity (+9).
   It lets you fly.
   It prevents most forms of teleportation.
Wands
 s - a wand of disintegration (13/24)
   (You found it on level 2 of the Dungeon)
 D - a wand of digging (24/24)
   (You found it on level 6 of the Dungeon)
 F - a wand of enslavement (12/24)
   (You found it on level 6 of the Dungeon)
 G - a wand of digging (4/24)
   (You found it on level 7 of the Dungeon)
 K - a wand of lightning (8/15)
   (You found it on level 8 of the Dungeon)
 U - a wand of enslavement (16/24)
   (You found it on level 9 of the Dungeon)
Scrolls
 d - 3 scrolls of remove curse
 i - 2 scrolls of magic mapping {!r}
 j - a scroll of blinking {!r}
 l - 2 scrolls of immolation {!r}
 m - 4 scrolls of teleportation
 n - a scroll of enchant weapon {unknown}
 q - 2 scrolls of fog
 t - 3 scrolls of enchant armour
 x - 2 scrolls of random uselessness {unknown}
 H - 2 scrolls of noise {!r}
 J - a scroll of recharging
 Q - a scroll of fear
Potions
 h - 3 potions of lignification {!q}
 r - 2 potions of degeneration {!q}
 u - 2 potions of flight
 w - a potion of magic
 z - a potion of brilliance
 B - 2 potions of heal wounds
 E - a potion of mutation {!q}
 I - 2 potions of agility {unknown}
 L - a potion of curing
 S - a potion of ambrosia
Books
 b - a book of Frost
 C - a book of Geomancy
   (You found it on level 7 of the Dungeon)
 N - a book of Annihilations
   (You found it on level 8 of the Dungeon)
Comestibles
 c - 8 bread rations {@e1@e1}
 k - 5 royal jellies
 o - 5 meat rations {@e2@e2}
 R - 11 fruits
 W - 4 chunks of flesh {@w0@w0}


   Skills:
 + Level 9.5 Fighting
 * Level 4.7 Maces & Flails
 - Level 1.7 Dodging
 - Level 1.4 Stealth
 + Level 8.4 Spellcasting
 - Level 0.8 Conjurations
 - Level 5.8 Summonings
 - Level 7.6 Ice Magic
 - Level 5.1 Earth Magic


You had 12 spell levels left.
You knew the following spells:

 Your Spells              Type           Power        Failure   Level  Hunger
a - Freeze                Ice            ####         1%          1    None
b - Summon Ice Beast      Ice/Summ       ####....     8%          4    ###....
c - Throw Icicle          Conj/Ice       ###.....     22%         4    ###....
d - Stone Arrow           Conj/Erth      ###...       11%         3    #......
x - Throw Frost           Conj/Ice       ###...       3%          2    None


Dungeon Overview and Level Annotations

Branches:
Dungeon (10/15)            Temple (1/1) D:4            Lair (0/6) D:10
    Orc (0/2) D:9

Altars:
Ashenzari
Cheibriados
Elyvilon
Fedhas
Gozag
Hepliaklqana
Kikubaaqudgha
Makhleb
Nemelex Xobeh
Okawaru
Qazlal
Ru
Sif Muna
Trog
Uskayaw
Vehumet
Zin
The Shining One

Shops:
D:8 =   D:9 =   D:10 [


Innate Abilities, Weirdness & Mutations

You are too large for most types of armour.
You have tough skin. (AC +1)


Message History

You barely miss the wolf. The wolf barely misses you.
The wolf bites you but does no damage.
You regained 2 hp, and now have 108/115 hp.
You bludgeon the wolf!!
You kill the wolf!
Okawaru accepts your kill.
You regained 2 hp, and now have 110/115 hp.
You see here a wolf corpse.
You butcher the wolf corpse.
W - 4 chunks of flesh {@w0@w0} (gained 3)
You regained 2 hp, and now have 113/115 hp.
You enter the shallow water.
Moving in this stuff is going to be slow.
The electric eel shoots out a bolt of lightning at you!
The bolt of electricity hits you!
You take 6 damage, and have 108/115 hp.
Aim: a porcupine (severely wounded)
The puff of frost hits the porcupine.
You kill the porcupine!
Okawaru accepts your kill.
The electric eel shoots out a bolt of lightning at you!
The bolt of electricity hits you!
You take 5 damage, and have 103/115 hp.
You now have 17/28 mp.
Aim: an electric eel The puff of frost misses the electric eel.
An electric eel comes into view.
You now have 15/28 mp.
Aim: an electric eel The puff of frost hits the electric eel.
The electric eel shoots out a bolt of lightning at you!
The bolt of electricity misses you.
You now have 13/28 mp.
You can't see any susceptible monsters within range! (Use Z to cast anyway.) Unknown command.
The electric eel shoots out a bolt of lightning at you!
The bolt of electricity hits you!
You take 3 damage, and have 106/115 hp.
You now have 13/28 mp.
The electric eel shoots out a bolt of lightning at you!
The bolt of electricity hits you!
You take 7 damage, and have 99/115 hp.
The electric eel shoots out a bolt of lightning at you!
The bolt of electricity hits you!
You take 7 damage, and have 94/115 hp.
You now have 12/28 mp.
Aim: an electric eel (water)
The puff of frost misses the electric eel.
You now have 11/28 mp.
Aim: an electric eel The puff of frost hits the electric eel.
The electric eel shoots out a bolt of lightning at you!
The bolt of electricity hits you!
You take 11 damage, and have 84/115 hp.
You now have 8/28 mp.
Aim: an electric eel (severely wounded)
The shard of ice misses the electric eel.
You now have 4/28 mp.
Aim: an electric eel (water, severely wounded)
The shard of ice hits the electric eel.
You now have 0/28 mp.
An electric eel is nearby!
Aim: an electric eel (water, almost dead, chance to defeat MR: 73%)
Okay, then.
Welcome back, Gorglomux the Ogre Ice Elementalist.
Okawaru says: Bring me glory in combat!
The electric eel shoots out a bolt of lightning at you!
The bolt of electricity hits you!
You take 10 damage, and have 77/115 hp.
The electric eel shoots out a bolt of lightning at you!
The bolt of electricity hits you!
You see here 16 gold pieces.
You take 9 damage, and have 68/115 hp.
You barely miss the electric eel.
The electric eel shoots out a bolt of lightning at you!
The bolt of electricity hits you!
The electric eel shoots out a bolt of lightning at you!
The bolt of electricity hits you!
The ogre shouts!
You take 14 damage, and have 54/115 hp.
You now have 0/28 mp.
You hit the electric eel.
The electric eel shoots out a bolt of lightning at you!
The bolt of electricity hits you!
You take 8 damage, and have 46/115 hp.
You barely miss the electric eel. The hound barely misses you.
The hound bites you.
You miss the electric eel. The hound bites you.
The electric eel shoots out a bolt of lightning at you!
The bolt of electricity misses you.
The hound splashes around in the water.
The electric eel shoots out a bolt of lightning at you!
The bolt of electricity hits you! The hound closely misses you.
You take 8 damage, and have 39/115 hp.
You closely miss the electric eel. The hound barely misses you.
The ogre hits you with a giant spiked club.
The electric eel shoots out a bolt of lightning at you!
The bolt of electricity hits you! The hound closely misses you.
The ogre hits you with a giant spiked club!!
* * * LOW HITPOINT WARNING * * *
You take 34 damage, and have 5/115 hp.
MASSIVE DAMAGE!!
You now have 0/28 mp.
The electric eel shoots out a bolt of lightning at you!
The bolt of electricity hits you!
You die...

#...).##..#............r[..<
###.#####...................
#.## ###...≈..≈≈.≈.≈.....
#..######.....≈≈≈†≈.≈≈...#
##..#.......≈≈≈≈≈.≈.≈≈≈≈..
##.#........≈≈≈≈.≈≈≈≈≈...
#.#.........≈≈≈.≈≈≈≈≈..# #.
#.#.......≈≈≈≈≈.;≈≈≈.... #.#
#...##.@..≈≈≈≈≈.≈≈≈≈.... #.#
###[##.h$≈≈≈≈.....≈≈≈...
##.## #.##.O≈;≈≈≈≈..≈.≈≈≈...
#...# #..#..≈≈≈≈≈.....≈≈...
#...# ##.#..≈≈≈≈≈..>.≈.≈
#...# #.#..≈≈≈≈≈≈....≈≈
#...###### #....≈≈≈≈≈.≈.≈.≈≈
..T....h.#
##...≈≈≈.≈≈≈≈≈≈≈≈...
#.#..###.#
#......≈≈≈≈≈≈≈≈≈...


You could see an ogre, a hound and an electric eel.

Vanquished Creatures
  2 two-headed ogres
  2 trolls (D:10)
  A porcupine (D:10)
  A black bear (D:8)
  4 orc warriors
  A sky beast (D:6)
  An ice beast (D:8)
  2 phantoms
  6 centaurs
  5 ogres
  4 wolves (D:10)
  4 big kobolds
  6 bullfrogs
  2 scorpions
  A wight (D:6)
  3 jellies
  2 electric eels (D:10)
  3 crimson imps
  A bullfrog zombie (D:5)
  4 hounds
  2 orc priests
  3 orc wizards (D:5)
  3 bullfrog skeletons
  2 iguanas
  A gnoll shaman (D:5)
  7 worker ants
  The ghost of murphy the Digger, a weakling DEEE (D:3)
  The ghost of murphy the Digger, a weakling DEEE (D:5)
  A hound skeleton (D:6)
  A worker ant zombie (D:10)
  17 adders
  3 gnolls (D:5)
  2 howler monkey skeletons
  5 river rats
  4 shadow imps
  8 oozes
  An adder zombie (D:6)
  2 adder skeletons (D:5)
  6 worms
  4 leopard geckos
  35 orcs
  10 bats
  5 giant cockroaches
  6 goblins
  6 hobgoblins
  12 jackals
  2 quokkas
  5 ball pythons
  5 frilled lizards
  A jackal zombie (D:5)
  14 kobolds
  A leopard gecko skeleton (D:7)
  A quokka zombie (D:9)
  11 rats
243 creatures vanquished.

Vanquished Creatures (collateral kills)
  A two-headed ogre (D:10)
  A cyclops (D:8)
  Grinder (D:6)
  A warg (D:9)
  Menkaure (D:5)
  An ice beast (D:6)
  4 orc warriors
  A bullfrog (D:10)
  2 wights (D:6)
  A centaur skeleton (D:4)
  A hound (D:10)
  2 orc priests
  2 orc wizards
  2 gnolls (D:5)
  An ooze (D:6)
  6 orcs
28 creatures vanquished.

Grand Total: 271 creatures vanquished

Notes
Turn   | Place    | Note
-------+----------+-------------------------------------------
     0 | D:1      | Gorglomux the Ogre Ice Elementalist began the quest for the Orb.
     0 | D:1      | Reached XP level 1. HP: 16/16 MP: 3/3
   163 | D:1      | Reached skill level 3 in Ice Magic
   163 | D:1      | Reached XP level 2. HP: 24/26 MP: 3/5
   621 | D:1      | Reached skill level 1 in Fighting
   764 | D:1      | Reached skill level 3 in Spellcasting
   764 | D:1      | Reached XP level 3. HP: 28/33 MP: 2/7
   768 | D:1      | Learned a level 2 spell: Throw Frost
  1554 | D:2      | Found an opulent altar of Gozag.
  1715 | D:2      | Reached skill level 2 in Fighting
  1715 | D:2      | Reached XP level 4. HP: 39/42 MP: 3/8
  2056 | D:3      | Noticed murphy's ghost (weakling DEEE)
  2160 | D:3      | Found a shattered altar of Ashenzari.
  2162 | D:3      | Found a hazy altar of Hepliaklqana.
  2162 | D:3      | Found a snail-covered altar of Cheibriados.
  2172 | D:3      | Killed murphy's ghost
  2521 | D:3      | Reached skill level 4 in Ice Magic
  2521 | D:3      | Reached XP level 5. HP: 18/52 MP: 0/10
  2521 | D:3      | HP: 13/52 [orc/short sword (5)]
  2526 | D:3      | HP: 13/52 [orc/short sword (1)]
  2541 | D:3      | HP: 7/52 [orc/short sword (4)]
  2553 | D:3      | HP: 3/52 [shadow imp (6)]
  2559 | D:3      | HP: 11/52 [shadow imp/nerve-wracking pain (14)]
  2564 | D:3      | Reached skill level 3 in Fighting
  3132 | D:3      | Learned a level 4 spell: Summon Ice Beast
  3376 | D:4      | Reached skill level 4 in Spellcasting
  3376 | D:4      | Reached XP level 6. HP: 34/61 MP: 0/12
  3600 | D:4      | Reached skill level 1 in Summonings
  3641 | D:4      | Found a glowing drain.
  3691 | Sewer    | Entered a sewer
  4070 | Sewer    | Reached skill level 2 in Summonings
  4070 | Sewer    | Reached XP level 7. HP: 64/68 MP: 1/14
  4167 | Sewer    | Reached skill level 4 in Fighting
  4172 | Sewer    | Reached skill level 5 in Ice Magic
  4752 | D:4      | Noticed a hand axe
  4754 | D:4      | Noticed a dagger
  4757 | D:4      | Found a hide-covered altar of Uskayaw.
  4838 | D:4      | Noticed an air elemental
  4848 | D:4      | Found a stormy altar of Qazlal.
  4857 | D:4      | Noticed a water elemental
  4862 | D:4      | Noticed a fire elemental
  4892 | D:4      | Found a staircase to the Ecumenical Temple.
  4901 | Temple   | Entered the Ecumenical Temple
  4949 | Temple   | Became a worshipper of Warmaster Okawaru
  5015 | D:4      | Reached skill level 5 in Spellcasting
  5245 | D:5      | Entered Level 5 of the Dungeon
  5292 | D:5      | Noticed Menkaure
  5302 | D:5      | Killed Menkaure
  5423 | D:5      | Found a white marble altar of Elyvilon.
  5537 | D:5      | Reached XP level 8. HP: 28/79 MP: 5/16
  5855 | D:5      | Reached * piety under Okawaru
  5855 | D:5      | Reached skill level 5 in Fighting
  6063 | D:5      | Reached skill level 3 in Summonings
  6063 | D:5      | Reached skill level 6 in Ice Magic
  6202 | D:5      | Found an ancient bone altar of Kikubaaqudgha.
  6665 | D:5      | Found a deep blue altar of Sif Muna.
  7031 | D:5      | Noticed murphy's ghost (weakling DEEE)
  7036 | D:5      | Killed murphy's ghost
  7292 | D:6      | Noticed Grinder
  7302 | D:6      | Reached skill level 6 in Fighting
  7302 | D:6      | Paralysed by Grinder for 6 turns
  7309 | D:6      | Killed Grinder
  7309 | D:6      | Reached ** piety under Okawaru
  7517 | D:6      | Reached skill level 6 in Spellcasting
  7517 | D:6      | Reached skill level 7 in Ice Magic
  7692 | D:6      | Reached XP level 9. HP: 55/91 MP: 9/18
  7740 | D:6      | Learned a level 4 spell: Throw Icicle
  7846 | D:6      | Reached skill level 4 in Summonings
  8205 | D:6      | HP: 23/92 [centaur/arrow (4)]
  8208 | D:6      | HP: 10/92 [centaur (9)]
  8506 | D:6      | HP: 20/92 [wight/spear (6)]
  8957 | D:7      | Found an iron altar of Okawaru.
  9074 | D:7      | Reached skill level 7 in Fighting
  9670 | D:7      | Reached skill level 1 in Maces & Flails
  9905 | D:8      | Learned a level 3 spell: Stone Arrow
 10133 | D:8      | Reached skill level 1 in Earth Magic
 10663 | D:8      | Reached *** piety under Okawaru
 10663 | D:8      | Reached skill level 7 in Spellcasting
 10807 | D:8      | Noticed a two-headed ogre
 10831 | D:8      | Killed a two-headed ogre
 10831 | D:8      | Reached skill level 2 in Maces & Flails
 10831 | D:8      | Reached skill level 5 in Summonings
 10831 | D:8      | Reached skill level 2 in Earth Magic
 10831 | D:8      | Reached XP level 10. HP: 104/104 MP: 0/20
 10962 | D:8      | Found Lyonimuth's Jewellery Shoppe.
 11009 | D:8      | Reached skill level 8 in Fighting
 11009 | D:8      | Reached skill level 3 in Earth Magic
 11314 | D:8      | Found a burning altar of Makhleb.
 11446 | D:8      | Noticed a cyclops
 11494 | D:8      | Killed a cyclops
 11710 | D:8      | Got a glittering lead ring
 11912 | D:9      | Found a sacrificial altar of Ru.
 11987 | D:9      | Noticed a two-headed ogre
 11995 | D:9      | Killed a two-headed ogre
 12071 | D:9      | Reached skill level 4 in Earth Magic
 12112 | D:9      | Found a staircase to the Orcish Mines.
 12159 | D:9      | Reached **** piety under Okawaru
 12159 | D:9      | Reached skill level 3 in Maces & Flails
 12477 | D:9      | Found a glowing silver altar of Zin.
 12477 | D:9      | Noticed an angel
 12610 | D:9      | Identified the ring of Epobil {-Tele +Fly MP+9 Dex+2} (You took it off an orc on level 8 of the Dungeon)
 12910 | D:9      | Found Esug's Jewellery Emporium.
 12991 | D:10     | Entered Level 10 of the Dungeon
 13013 | D:10     | Noticed a two-headed ogre
 13018 | D:10     | Killed a two-headed ogre
 13018 | D:10     | Received a gift from Okawaru
 13018 | D:10     | Reached skill level 9 in Fighting
 13018 | D:10     | Reached skill level 8 in Spellcasting
 13121 | D:10     | Found Ulakyn's Armour Shoppe.
 13178 | D:10     | HP: 25/107 [troll (10)]
 13178 | D:10     | HP: 6/107 [troll (8)]
 13321 | D:10     | Reached skill level 5 in Earth Magic
 13340 | D:10     | Reached skill level 4 in Maces & Flails
 13366 | D:10     | Reached ***** piety under Okawaru
 13382 | D:10     | Reached XP level 11. HP: 54/115 MP: 4/23
 13543 | D:10     | Found a staircase to the Lair.
 13590 | D:10     | HP: 5/115 [ogre/giant spiked club (31)]
 13591 | D:10     | Killed from afar by an electric eel

Skill      XL: |  1  2  3  4  5  6  7  8  9 10 |
---------------+-------------------------------+-----
Ice Magic      | 3 4 5 7 |  7.6
Fighting       | 1 2 3 4 6 7 9 |  9.5
Spellcasting   | 3 4 5 6 7 8 |  8.4
Summonings     | 2 3 5 |  5.8
Maces & Flails | 2 4 |  4.7
Earth Magic    | 2 5 |  5.1
Dodging        | |  1.7
Stealth        | |  1.4
Conjurations   | |  0.8

Action                   |  1- 3 |  4- 6 |  7- 9 | 10-12 || total
-------------------------+-------+-------+-------+-------++-------
Melee: Unarmed           |     1 |       |       |       ||     1
       Club              |     8 |    63 |       |       ||    71
       Flail             |       |    37 |   182 |    62 ||   281
       Glaive            |       |       |    12 |       ||    12
       Giant spiked club |       |       |       |    64 ||    64
 Cast: Freeze            |    43 |    89 |   152 |    73 ||   357
       Throw Frost       |    12 |    30 |    37 |    14 ||    93
       Summon Ice Beast  |       |       |    24 |    17 ||    41
       Throw Icicle      |       |       |    12 |     3 ||    15
       Stone Arrow       |       |       |     9 |    30 ||    39
Invok: Heroism           |       |       |       |     1 ||     1
  Use: Potion            |       |     3 |       |       ||     3
       Scroll            |       |       |    13 |     6 ||    19
 Stab: Sleeping          |       |       |     2 |       ||     2
       Distracted        |       |       |     1 |     1 ||     2
  Eat: Chunk             |     3 |     9 |    25 |    13 ||    50
       Royal jelly       |       |       |     1 |       ||     1
Armor: Robe              |    19 |    53 |    67 |     4 ||   143
       Troll leather arm |       |       |       |   111 ||   111
Dodge: Dodged            |    29 |   100 |   152 |   130 ||   411

Vault maps used:
D:1:      lightli_arrival_isolated_outpost, minmay_stone_trees_medium,
          st_stairs_14
D:2:      marbit_many_paths, hangedman_decor_riveting
D:3:      grunt_temple_overflow_open, first_bread
D:4:      nicolae_qazlal_style_of_elements, dancing_weapons_uskayaw,
          minmay_temple_entry_grid, lightli_sewer_entry_pipes
D:5:      overflow_temple_1_default, kennysheep_little_box,
          kennysheep_mini_moat, uniq_menkaure
D:6:      st_stairs_1, uniq_grinder
D:7:      okawaru_ov_weapons_minmay
D:8:      lemuel_coloured_pillars_altar, serial_shops, shop, minmay_radiant
D:9:      nicolae_ru_awakened_eye, zin_angel, david_orc_1_choice, serial_shops,
          kennysheep_mini
D:10:     erik_lair_island, serial_shops, shop
Temple:   compressed_dpeg_triangle_lava_temple
Sewer:    sewer_co_tree

Table legend:
 A = Turns spent in this place as a percentage of turns spent in the entire game.
 B = Non-inter-level travel turns spent in this place as a percentage of non-inter-level travel turns spent in the entire game.
 C = Inter-level travel turns spent in this place as a percentage of turns spent in this place.
 D = Turns resting spent in this place as a percentage of non-inter-level travel turns spent in this place.
 E = Turns spent auto-exploring this place as a percentage of non-inter-level travel turns spent in this place.
 F = Non-inter-level travel turns spent in this place divided by the number of levels of this place that you've seen.
                   A       B       C       D       E      F
               +-------+-------+-------+-------+-------+----------------------
         Total | 100.0 | 100.0 |   0.4 |   5.6 |   7.9 | 303.3
       Dungeon |  90.6 |  90.6 |   0.4 |   5.5 |   7.8 | 329.9
        Temple |   0.5 |   0.5 |   5.6 |   0.0 |  23.5 |  17.0
         Sewer |   8.9 |   8.9 |   0.0 |   6.5 |   8.0 | 324.0
               +-------+-------+-------+-------+-------+----------------------

Table legend:
 A = Kills in this place as a percentage of kills in entire the game.
 B = Kills by you in this place as a percentage of kills by you in the entire game.
 C = Kills by friends in this place as a percentage of kills by friends in the entire game.
 D = Other kills in this place as a percentage of other kills in the entire game.
 E = Experience gained in this place as a percentage of experience gained in the entire game.
 F = Experience gained in this place divided by the number of levels of this place that you have seen.
                   A       B       C       D       E      F
               +-------+-------+-------+-------+-------+----------------------
         Total | 100.0 | 100.0 | 100.0 |  -nan | 100.0 | 802.4
       Dungeon |  89.7 |  88.5 | 100.0 |  -nan |  95.4 | 919.0
         Sewer |  10.3 |  11.5 |   0.0 |  -nan |   4.6 | 439.0
               +-------+-------+-------+-------+-------+----------------------
